General information
- name: BNet
- type: Ladder team game (AT/RT)
- host: Battle.net
- saver: brucewillisusa
map: LostTemple
- players: 4
- length: 38:23
- speed: Fast
- version: 1.24 W3XP
- replay type: Public
» download(163 KB)
Players
team 1 (winner)

»
fckitildoitlive (
teal | 39 APM | 1486 actions | 38:18)
4 Death Knight
1 Death Pact
2 Death Coil
1 Unholy Aura
2 Lich
1 Frost Armor
1 Frost Nova
1 Crypt Lord
1 Impale
» actions
| Assign group hotkey | 22 | |
| Basic commands | 3 | |
| Build / train | 107 | |
| Enter build submenu | 37 | |
| Enter hero's abilities submenu | 7 | |
| Give item / drop item | 3 | |
| Remove unit from queue | 7 | |
| Right click | 578 | |
| Select / deselect | 604 | |
| Select group hotkey | 34 | |
| Use ability | 82 | |
1486 total
» units
| Acolyte | 25 | |
| Ghoul | 2 | |
| Crypt Fiend | 13 | |
| Obsidian Statue | 3 | |
| Meatwagon | 7 | |
| Goblin Zeppelin | 1 | |
| Gargoyle | 3 | |
54 total
» upgrades
| Web | 1 | |
| Destroyer Form | 1 | |
| Creature Attack | 1 | |
| Creature Carapace | 1 | |
4 total
» buildings
| Altar of Darkness | 2 | |
| Ziggurat | 22 | |
| Crypt | 2 | |
| Graveyard | 1 | |
| Tomb of Relics | 1 | |
| Nerubian Tower | 9 | |
| Halls of the Dead | 2 | |
| Black Citadel | 1 | |
| Slaughterhouse | 1 | |
| Spirit Tower | 13 | |
| Necropolis | 2 | |
56 total
» build order
00:08 Altar of Darkness
00:12 Ziggurat
00:36 Crypt
00:58 Graveyard
01:14 Tomb of Relics
02:07 Ziggurat
02:08 Nerubian Tower
03:37 Halls of the Dead
04:31 Ziggurat
05:16 Nerubian Tower
07:27 Black Citadel
08:08 Ziggurat
08:15 Slaughterhouse
11:58 Spirit Tower
11:59 Spirit Tower
12:30 Ziggurat
13:44 Ziggurat
13:46 Ziggurat
14:50 Spirit Tower
14:52 Spirit Tower
14:54 Ziggurat
15:51 Spirit Tower
18:28 Spirit Tower
19:02 Ziggurat
19:16 Necropolis
19:19 Ziggurat
19:21 Ziggurat
19:23 Ziggurat
19:32 Ziggurat
19:59 Spirit Tower
20:31 Spirit Tower
20:37 Spirit Tower
20:38 Nerubian Tower
20:40 Nerubian Tower
20:46 Ziggurat
20:48 Ziggurat
22:17 Halls of the Dead
23:01 Spirit Tower
23:02 Nerubian Tower
23:19 Altar of Darkness
23:27 Crypt
25:27 Ziggurat
26:00 Ziggurat
26:04 Necropolis
26:08 Ziggurat
26:10 Ziggurat
26:12 Ziggurat
26:50 Nerubian Tower
26:54 Nerubian Tower
27:06 Nerubian Tower
27:54 Spirit Tower
27:55 Spirit Tower
31:55 Ziggurat
31:56 Ziggurat
32:54 Spirit Tower
32:55 Nerubian Tower
» items
| Rod of Necromancy | 1 | |
| Dust of Appearance | 2 | |
| Scroll of Healing | 1 | |
| Sacrificial Skull | 2 | |
| Orb of Corruption | 2 | |
| Scroll of Town Portal | 1 | |
9 total

»
icantreadthat (
pink | 55 APM | 2109 actions | 38:24)
4 Demon Hunter
2 Mana Burn
2 Evasion
2 Priestess of the Moon
1 Trueshot Aura
1 Searing Arrows
» actions
| Assign group hotkey | 19 | |
| Basic commands | 1 | |
| Build / train | 48 | |
| Enter build submenu | 13 | |
| Enter hero's abilities submenu | 6 | |
| Give item / drop item | 5 | |
| Remove unit from queue | 1 | |
| Right click | 888 | |
| Select / deselect | 395 | |
| Select group hotkey | 692 | |
| Use ability | 41 | |
2109 total
» units
| Wisp | 11 | |
| Huntress | 4 | |
| Dryad | 10 | |
| Druid of the Claw | 1 | |
26 total
» upgrades
| Strength of the Wild | 2 | |
| Abolish Magic | 1 | |
| Reinforced Hides | 1 | |
| Druid of the Claw Training | 1 | |
5 total
» buildings
| Altar of Elders | 1 | |
| Moon Well | 6 | |
| Hunter's Hall | 1 | |
| Ancient of War | 1 | |
| Tree of Ages | 1 | |
| Ancient of Lore | 3 | |
| Tree of Eternity | 1 | |
14 total
» build order
00:18 Altar of Elders
00:23 Moon Well
01:27 Hunter's Hall
01:45 Ancient of War
02:03 Moon Well
02:31 Moon Well
02:53 Tree of Ages
03:58 Moon Well
05:17 Ancient of Lore
05:20 Ancient of Lore
05:23 Ancient of Lore
07:39 Moon Well
08:36 Moon Well
11:00 Tree of Eternity
» items
| Dust of Appearance | 2 | |
| Scroll of Town Portal | 2 | |
4 total
team 2 (loser)

»
avid.milk2 (
yellow | 58 APM | 2221 actions | 38:24)
4 Archmage
2 Blizzard
2 Brilliance Aura
3 Mountain King
2 Storm Bolt
1 Bash
» actions
| Assign group hotkey | 45 | |
| Basic commands | 61 | |
| Build / train | 172 | |
| Enter build submenu | 108 | |
| Enter hero's abilities submenu | 7 | |
| Give item / drop item | 3 | |
| Right click | 712 | |
| Select / deselect | 606 | |
| Select group hotkey | 291 | |
| Use ability | 216 | |
2221 total
» units
| Peasant | 40 | |
| Goblin Shredder | 1 | |
| Dragonhawk Rider | 10 | |
| Mortar Team | 14 | |
| Sorceress | 6 | |
| Priest | 2 | |
| Spell Breaker | 2 | |
| Goblin Zeppelin | 3 | |
78 total
» upgrades
| Masonry | 4 | |
| Lumber Harvesting | 2 | |
| Magic Sentry | 1 | |
| Fragmentation Shards | 1 | |
| Flare | 1 | |
| Gunpowder | 3 | |
| Cloud | 1 | |
| Priest Training | 1 | |
| Sorceress Training | 2 | |
| Armor | 2 | |
| Storm Hammers | 1 | |
19 total
» buildings
| Altar of Kings | 1 | |
| Farm | 15 | |
| Lumber Mill | 2 | |
| Scout Tower | 87 | |
| Arcane Tower | 5 | |
| Guard Tower | 48 | |
| Town Hall | 1 | |
| Keep | 2 | |
| Blacksmith | 3 | |
| Arcane Vault | 4 | |
| Castle | 2 | |
| Arcane Sanctum | 1 | |
| Gryphon Aviary | 1 | |
| Workshop | 1 | |
173 total
» build order
00:09 Altar of Kings
00:11 Farm
00:14 Lumber Mill
01:30 Scout Tower
01:35 Scout Tower
01:38 Scout Tower
01:42 Scout Tower
01:55 Farm
02:06 Arcane Tower
02:07 Guard Tower
02:08 Guard Tower
02:38 Guard Tower
03:03 Scout Tower
03:06 Scout Tower
03:08 Scout Tower
03:22 Scout Tower
03:23 Scout Tower
03:24 Scout Tower
03:26 Scout Tower
03:40 Guard Tower
03:40 Guard Tower
03:57 Guard Tower
04:10 Farm
04:13 Farm
04:20 Guard Tower
04:57 Town Hall
05:14 Scout Tower
05:15 Scout Tower
05:16 Scout Tower
05:31 Scout Tower
05:32 Scout Tower
05:35 Scout Tower
05:37 Scout Tower
05:49 Guard Tower
05:49 Guard Tower
05:52 Guard Tower
06:03 Keep
06:03 Keep
06:17 Scout Tower
06:21 Guard Tower
06:25 Guard Tower
06:52 Guard Tower
06:57 Guard Tower
07:15 Blacksmith
07:28 Farm
07:29 Farm
07:56 Arcane Vault
08:10 Scout Tower
08:14 Scout Tower
08:17 Scout Tower
08:18 Scout Tower
08:39 Castle
08:40 Castle
08:41 Guard Tower
10:01 Scout Tower
10:03 Scout Tower
10:06 Scout Tower
10:07 Scout Tower
10:09 Scout Tower
10:12 Scout Tower
10:29 Arcane Vault
10:38 Guard Tower
10:40 Guard Tower
10:42 Scout Tower
10:43 Scout Tower
10:58 Scout Tower
11:12 Guard Tower
11:27 Guard Tower
11:32 Guard Tower
11:32 Guard Tower
11:32 Guard Tower
11:50 Scout Tower
11:50 Scout Tower
11:51 Scout Tower
11:52 Scout Tower
11:56 Scout Tower
11:57 Scout Tower
12:07 Scout Tower
12:10 Scout Tower
12:15 Scout Tower
12:16 Scout Tower
12:17 Scout Tower
12:52 Guard Tower
12:52 Guard Tower
12:54 Guard Tower
13:04 Guard Tower
13:06 Guard Tower
13:06 Guard Tower
13:06 Guard Tower
13:13 Scout Tower
13:17 Scout Tower
13:18 Scout Tower
13:19 Scout Tower
13:20 Scout Tower
13:21 Scout Tower
13:23 Guard Tower
13:24 Guard Tower
13:29 Blacksmith
13:30 Arcane Vault
13:39 Arcane Sanctum
13:45 Scout Tower
13:46 Scout Tower
13:48 Scout Tower
13:50 Scout Tower
13:52 Scout Tower
13:54 Gryphon Aviary
13:57 Scout Tower
14:05 Scout Tower
14:06 Scout Tower
14:07 Scout Tower
14:08 Scout Tower
14:11 Scout Tower
14:12 Scout Tower
14:15 Scout Tower
14:16 Scout Tower
14:17 Scout Tower
14:21 Scout Tower
14:22 Scout Tower
14:22 Scout Tower
14:23 Scout Tower
14:26 Guard Tower
14:31 Scout Tower
14:32 Scout Tower
14:35 Scout Tower
14:42 Guard Tower
14:55 Arcane Tower
15:00 Guard Tower
15:03 Arcane Tower
15:04 Arcane Tower
15:10 Scout Tower
15:13 Scout Tower
15:14 Scout Tower
15:14 Scout Tower
15:31 Workshop
15:40 Guard Tower
15:42 Scout Tower
15:43 Scout Tower
15:46 Arcane Tower
16:08 Guard Tower
16:14 Guard Tower
16:17 Scout Tower
16:19 Guard Tower
16:23 Scout Tower
16:23 Scout Tower
16:24 Scout Tower
16:28 Guard Tower
16:39 Guard Tower
16:40 Guard Tower
16:43 Scout Tower
16:44 Scout Tower
16:45 Scout Tower
16:49 Arcane Vault
16:54 Guard Tower
17:02 Scout Tower
17:04 Lumber Mill
17:07 Scout Tower
17:07 Scout Tower
17:26 Guard Tower
17:40 Guard Tower
18:00 Guard Tower
18:01 Guard Tower
19:15 Guard Tower
19:50 Guard Tower
26:04 Farm
26:05 Farm
26:06 Farm
26:09 Farm
26:10 Farm
26:13 Farm
26:14 Farm
28:02 Farm
32:51 Farm
33:17 Blacksmith
» items
| Staff of Sanctuary | 1 | |
| Ivory Tower | 3 | |
| Staff of Teleportation | 1 | |
| Scroll of Town Portal | 3 | |
8 total

»
brucewillisusa (
purple | 57 APM | 2181 actions | 38:24)
7 Blademaster
3 Wind Walk
3 Critical Strike
1 Bladestorm
» actions
| Assign group hotkey | 71 | |
| Basic commands | 52 | |
| Build / train | 102 | |
| ESC pressed | 2 | |
| Enter build submenu | 50 | |
| Enter hero's abilities submenu | 7 | |
| Give item / drop item | 3 | |
| Remove unit from queue | 1 | |
| Right click | 812 | |
| Select / deselect | 333 | |
| Select group hotkey | 572 | |
| Use ability | 176 | |
2181 total
» units
| Peon | 20 | |
| Goblin Shredder | 1 | |
| Troll Batrider | 17 | |
| Shaman | 2 | |
| Troll Witch Doctor | 2 | |
| Tauren | 3 | |
| Wind Rider | 2 | |
| Spirit Walker | 2 | |
49 total
» upgrades
| Liquid Fire | 1 | |
| Reinforced Defenses | 1 | |
| Ranged Weapons | 3 | |
| Envenomed Spears | 1 | |
| Armor | 3 | |
| War Drums Damage Increase | 1 | |
| Melee Weapons | 3 | |
| Pulverize | 1 | |
| Shaman Training | 2 | |
| Witch Doctor Training | 2 | |
| Spirit Walker Training | 2 | |
| Ensnare | 1 | |
| Pillage | 1 | |
22 total
» buildings
| Altar of Storms | 1 | |
| Orc Burrow | 8 | |
| War Mill | 1 | |
| Voodoo Lounge | 1 | |
| Watch Tower | 21 | |
| Stronghold | 1 | |
| Fortress | 1 | |
| Beastiary | 4 | |
| Spirit Lodge | 4 | |
| Tauren Totem | 5 | |
| Barracks | 1 | |
48 total
» build order
00:12 Altar of Storms
00:15 Orc Burrow
00:26 War Mill
01:08 Voodoo Lounge
01:45 Watch Tower
02:43 Watch Tower
03:19 Watch Tower
03:22 Stronghold
04:35 Watch Tower
04:35 Watch Tower
04:36 Watch Tower
05:52 Fortress
06:09 Beastiary
06:22 Beastiary
06:23 Beastiary
06:26 Orc Burrow
06:47 Beastiary
07:43 Orc Burrow
07:46 Watch Tower
08:03 Watch Tower
08:53 Orc Burrow
09:26 Watch Tower
09:49 Watch Tower
09:56 Watch Tower
09:58 Watch Tower
11:06 Watch Tower
11:06 Watch Tower
11:08 Watch Tower
11:08 Watch Tower
18:32 Watch Tower
18:33 Watch Tower
18:33 Watch Tower
18:34 Watch Tower
18:36 Watch Tower
20:59 Spirit Lodge
21:01 Tauren Totem
21:03 Tauren Totem
21:04 Tauren Totem
21:05 Tauren Totem
21:06 Spirit Lodge
21:15 Spirit Lodge
21:19 Spirit Lodge
21:22 Barracks
21:25 Tauren Totem
22:15 Orc Burrow
22:16 Orc Burrow
22:16 Orc Burrow
22:17 Orc Burrow
» items
| Lesser Clarity Potion | 8 | |
| Healing Salve | 3 | |
| Scroll of Town Portal | 1 | |
| Boots of Speed | 1 | |
| Staff of Teleportation | 1 | |
| Tiny Great Hall | 2 | |
| Orb of Lightning | 1 | |
| Scroll of Speed | 1 | |
| Potion of Lesser Invulnerability | 2 | |
20 total
Chat log
(00:29 / All) brucewillisusa: theres no WORDS there
(00:37 / Allies) avid.milk2: ?
(00:42 / Allies) brucewillisusa: their names
(00:45 / Allies) brucewillisusa: are from a clip
(00:47 / Allies) brucewillisusa: of bill oreilley
(00:51 / Allies) brucewillisusa: freaking out about a teleprompter
(01:15 / Allies) brucewillisusa: my th is off
(01:52 / Allies) brucewillisusa: we need an expo from u
(01:57 / Allies) brucewillisusa: so pump tons of peons
(02:04 / Allies) brucewillisusa: actually
(02:06 / Allies) brucewillisusa: milita 4
(02:08 / Allies) brucewillisusa: and send them
(02:08 / Allies) brucewillisusa: here
(02:24 / Allies) brucewillisusa: wher is ur am going
(02:28 / Allies) brucewillisusa: they are ne ud
(02:32 / Allies) avid.milk2: vasco de gama
(02:33 / Allies) brucewillisusa: u cant blizz ne ud
(02:33 / Allies) avid.milk2: the am
(02:36 / Allies) avid.milk2: hes exploring
(03:19 / Allies) avid.milk2: awt are the milz for
(03:24 / Allies) brucewillisusa: fro exping
(04:31 / Allies) brucewillisusa: coem harss
(04:45 / Allies) brucewillisusa: WAHT THE SHIT
(04:46 / Allies) brucewillisusa: IS THIS
(04:47 / Allies) brucewillisusa: A JOKE?
(04:49 / Allies) avid.milk2: nio holz
(05:42 / Allies) avid.milk2: fiddlesticks
(06:01 / Allies) brucewillisusa: FEED ME
(06:31 / Allies) brucewillisusa: wood
(07:40 / Allies) brucewillisusa: gold
(08:19 / Allies) brucewillisusa: clear and tower that
(08:36 / Allies) brucewillisusa: actualyl get tier 3
(08:38 / Allies) brucewillisusa: and up ur tower armor
(09:30 / Allies) brucewillisusa: need morts from u
(10:07 / Allies) brucewillisusa: g
(10:08 / Allies) brucewillisusa: old
(10:11 / Allies) brucewillisusa: also tower ur expo more
(10:51 / Allies) brucewillisusa: 8 more towers
(10:52 / Allies) brucewillisusa: there
(10:55 / Allies) brucewillisusa: and put 4 hu towers at my main
(11:41 / Allies) brucewillisusa: tower
(11:42 / Allies) brucewillisusa: more
(12:15 / Allies) brucewillisusa: ill fast expo that
(12:42 / Allies) avid.milk2: what poppycock
(12:44 / Allies) avid.milk2: a log with a skull
(12:46 / Allies) avid.milk2: trapped him
(12:53 / Allies) brucewillisusa: tower this more
(12:55 / Allies) brucewillisusa: tower everywhere
(12:56 / Allies) brucewillisusa: 6 more
(12:57 / Allies) brucewillisusa: evyerwhere
(14:19 / All) brucewillisusa: 2ez
(14:25 / Allies) brucewillisusa: tower up more
(14:38 / All) fckitildoitlive: most niggerish shit ive ever seen
(14:42 / All) fckitildoitlive: you shoul
(14:42 / All) brucewillisusa: u mad
(14:49 / All) brucewillisusa: LOL
(14:52 / All) brucewillisusa: was that ur first time in our base?
(14:57 / All) brucewillisusa: welcome to towercraft
(15:10 / Allies) brucewillisusa: get morts now
(15:34 / All) fckitildoitlive: run pussy
(15:44 / Allies) brucewillisusa: lol
(15:48 / Allies) brucewillisusa: whoops
(15:52 / Allies) avid.milk2: wat
(15:57 / Allies) brucewillisusa: fed 12 bats to towers
(16:02 / Allies) brucewillisusa: up those
(17:05 / Allies) brucewillisusa: big fitht time?
(17:09 / Allies) brucewillisusa: am vs....
(18:11 / All) fckitildoitlive: aw u scared?
(18:15 / All) brucewillisusa: wait
(18:17 / All) brucewillisusa: do u guys
(18:19 / All) brucewillisusa: think you won?
(18:19 / All) brucewillisusa: lol
(18:39 / All) fckitildoitlive: wait is your vagina sopped with blood and juice?
(18:42 / Allies) brucewillisusa: get ur hawk
(18:44 / Allies) brucewillisusa: uyp to the north
(18:45 / Allies) brucewillisusa: gonn bat
(19:00 / Allies) avid.milk2: wat
(19:05 / Allies) avid.milk2: oh shit
(19:07 / Allies) avid.milk2: it dont have cloud
(19:24 / Allies) brucewillisusa: kill all yoru wood peons
(19:27 / Allies) brucewillisusa: and go 50 food mort invis
(19:46 / Allies) avid.milk2: it have cloud
(19:47 / Allies) avid.milk2: now
(19:48 / Allies) brucewillisusa: k
(21:35 / Allies) avid.milk2: mines almost dead
(22:37 / Allies) brucewillisusa: lol
(23:03 / All) brucewillisusa: hole in one
(23:18 / Allies) brucewillisusa: got the uds heros
(23:24 / Allies) brucewillisusa: in a zepp
(23:37 / Allies) avid.milk2: lol
(23:42 / Allies) avid.milk2: thatsl ike handing it 2 u
(23:44 / Allies) brucewillisusa: he is teching
(23:45 / Allies) brucewillisusa: another main
(23:46 / Allies) brucewillisusa: rofl
(23:46 / Allies) brucewillisusa: wow
(24:05 / Allies) avid.milk2: what should i hit
(24:13 / Allies) brucewillisusa: bring a hwk
(24:14 / Allies) brucewillisusa: wiht u
(24:16 / Allies) brucewillisusa: make anotehr one
(24:17 / Allies) brucewillisusa: go 80
(24:33 / Allies) brucewillisusa: hit that
(24:35 / Allies) brucewillisusa: kill dryads
(24:36 / Allies) brucewillisusa: use invis to do it
(24:38 / Allies) brucewillisusa: anything ne that dies
(24:39 / Allies) brucewillisusa: stays dead
(24:54 / Allies) avid.milk2: we should taketh at mine
(25:06 / Allies) brucewillisusa: go get dryads
(25:18 / Allies) avid.milk2: he is massing mines
(25:56 / Allies) avid.milk2: ur hawk
(25:57 / Allies) avid.milk2: got pted
(26:37 / Allies) brucewillisusa: going 100 food
(26:38 / Allies) brucewillisusa: now
(26:40 / Allies) brucewillisusa: u 2
(27:15 / Allies) brucewillisusa: go 80 actually
(27:36 / Allies) brucewillisusa: meet all u have middle now
(28:38 / All) fckitildoitlive: you are a disgrace to the name bruce willis he would never be a pussy like this
(28:41 / All) brucewillisusa: shitnoobs
(28:48 / Allies) brucewillisusa: mass hawk?
(28:48 / Allies) brucewillisusa: wtf
(28:52 / Allies) brucewillisusa: to counter ??
(28:53 / Allies) avid.milk2: idk
(29:02 / All) fckitildoitlive: how can u even speak with a strategy this niggerish
(29:14 / All) brucewillisusa: how can you even lose
(29:15 / All) brucewillisusa: with ne ud
(29:33 / All) fckitildoitlive: king nigger strat
(29:39 / Allies) brucewillisusa: i get tp then we go
(29:51 / Allies) brucewillisusa: buty me a tp
(29:59 / Allies) brucewillisusa: k
(30:00 / Allies) brucewillisusa: meet
(30:09 / Allies) brucewillisusa: we hit that expo
(30:27 / Allies) brucewillisusa: gogog cloud it
(31:06 / All) brucewillisusa: base camping cowards
(31:13 / All) brucewillisusa: i dont think you shot one of our builings
(31:14 / All) brucewillisusa: ocne
(31:28 / All) fckitildoitlive: nigger bitch loving nigger pussy camping hooker
(31:35 / All) brucewillisusa: spend another 40 minutes losing
(31:35 / Allies) avid.milk2: dont respond
(31:36 / All) brucewillisusa: why dont u
(31:41 / All) fckitildoitlive: Choke on 10 more dicks
(31:52 / All) fckitildoitlive: dont play like a nigger
(31:59 / All) fckitildoitlive: oh wait
(32:02 / All) fckitildoitlive: that all you know
(32:15 / All) brucewillisusa: when i go death knight
(32:18 / All) brucewillisusa: i choose coil first
(32:21 / All) brucewillisusa: is that niggerish?
(32:25 / All) fckitildoitlive: no
(32:26 / All) brucewillisusa: shitnoob
(32:33 / Allies) brucewillisusa: lets camp mid now
(32:35 / All) fckitildoitlive: the strat you employed this game was niggerish
(32:37 / All) fckitildoitlive: period
(32:45 / All) fckitildoitlive: just like your bleeding black vagina
(32:49 / All) fckitildoitlive: and bleeding black gums
(33:04 / All) avid.milk2: i dont think black people have black gums
(33:16 / All) fckitildoitlive: okay you know best
(33:25 / All) fckitildoitlive: you stupid fuckin kike nigger
(33:31 / All) brucewillisusa: these guys names are so funny and playful
(33:33 / All) brucewillisusa: but they are so mad
(33:41 / All) brucewillisusa: they must have made the names when they were noobs
(33:42 / All) avid.milk2: lol
(33:45 / All) brucewillisusa: then they went 20-70 and got bitter
(33:48 / All) brucewillisusa: and resentful
(34:04 / Allies) brucewillisusa: actualyl theyre probably solid 50%ers +/- 5%
(34:06 / All) fckitildoitlive: you probably never won a game til you learned to exploit maps
(34:14 / All) fckitildoitlive: and build 20 towers off the bat
(34:17 / All) fckitildoitlive: good work
(34:26 / Allies) brucewillisusa: im gonna invis bat his garg
(34:27 / Allies) brucewillisusa: lol
(34:27 / All) fckitildoitlive: has this 40 min win been fun?
(34:37 / All) fckitildoitlive: jerking your dick with 60 towers?
(34:49 / All) avid.milk2: level up
(34:55 / All) brucewillisusa: my hero just got level 6
(34:58 / All) brucewillisusa: now i can starfall
(35:19 / All) fckitildoitlive: how u roll invis?
(35:26 / Allies) brucewillisusa: what the fuck
(35:28 / Allies) brucewillisusa: "roll"?
(35:29 / Allies) avid.milk2: i kind of waant to creep that bottom right thing
(35:33 / All) brucewillisusa: is roll yugioh terminology?
(35:44 / Allies) brucewillisusa: k
(35:46 / Allies) brucewillisusa: take all my units
(35:49 / Allies) brucewillisusa: i use only bm
(35:53 / All) fckitildoitlive: its nigger terminology i hoped you would be able to understand
(36:21 / All) brucewillisusa: i like how you spent ur last pennies on a shitty undead tower
(36:22 / Allies) avid.milk2: i only want this stuff
(36:52 / All) fckitildoitlive: i like how you are terrified still
(36:58 / All) fckitildoitlive: while we have NOTHING LEFT
(37:01 / All) fckitildoitlive: STUPID FUCK
(37:02 / All) brucewillisusa: yeah im really scared to come into your base with 200 food
(37:07 / All) brucewillisusa: that level 4 dh
(37:08 / All) fckitildoitlive: clearly
(37:09 / All) brucewillisusa: is intimidating me
(37:16 / All) fckitildoitlive: it shows
(37:16 / All) brucewillisusa: ill just have to hold back
(37:22 / All) brucewillisusa: and wait for you to make another crucial mistake
(37:51 / All) brucewillisusa: rofl
(38:02 / All) brucewillisusa: OWNED
(38:17 / Allies) avid.milk2: u can net the whatsums
(38:24 / All) brucewillisusa: noobs